 Dungeon Crawl Stone Soup version 0.24-a0-249-g2af7e837d0 (webtiles) character file.

Game seed: 18265720589761079495

25 Redear the Charmwright (level 2, -2/23 HPs)
             Began as a Demonspawn Skald on Apr 13, 2019.
             Was an Initiate of Okawaru.
             Slain by Natasha (7 damage)
             ... on level 2 of the Dungeon.
             The game lasted 00:01:47 (748 turns).

Redear the Charmwright (Demonspawn Skald)            Turns: 748, Time: 00:01:48

Health: -2/23      AC:  3    Str: 11    XL:     2   Next: 86%
Magic:  5/5        EV: 12    Int: 14    God:    Okawaru [......]
Gold:   56         SH:  0    Dex: 12    Spells: 4/5 levels left

rFire    . . .     SeeInvis .   a - +0 falchion
rCold    . . .     Gourm    .   (no shield)
rNeg     . . .     Faith    .   g - +0 leather armour (curse)
rPois    .         Spirit   .   (no helmet)
rElec    .         Reflect  .   (no cloak)
rCorr    .         Harm     .   (no gloves)
MR       .....                  (no boots)
Stlth    +.........             (no amulet)
HPRegen  0.07/turn              (no ring)
MPRegen  0.09/turn              (no ring)

@: no status effects
A: demonic guardian 1
a: Renounce Religion


You were on level 2 of the Dungeon.
You worshipped Okawaru.
Okawaru was noncommittal.
You were not hungry.

You visited 1 branch of the dungeon, and saw 2 of its levels.

You collected 56 gold pieces.

Inventory:

Hand Weapons
 a - a +0 falchion (weapon)
Armour
 b - a +0 leather armour
 g - a cursed +0 leather armour (worn)
Scrolls
 h - a scroll of fear {unknown}
 i - a scroll of random uselessness {unknown}
Potions
 c - 2 potions of curing {unknown}
 d - a potion of lignification {unknown}
 e - 2 potions of degeneration {unknown}
 f - a potion of mutation {unknown}
Comestibles
 z - 2 rations


   Skills:
 - Level 2.5 Fighting
 - Level 2.2 Long Blades
 - Level 0.8 Armour
 - Level 2.2 Dodging
 - Level 2.0 Spellcasting
 - Level 2.6 Charms
 + Level 0.5 Invocations


You had 4 spell levels left.
You knew the following spells:

 Your Spells              Type           Power        Failure   Level  Hunger
z - Infusion              Chrm           #...         11%         1    ##.....

Your spell library contained the following spells:

 Spells                   Type           Power        Failure   Level  Hunger
 Song of Slaying          Chrm           #.......     16%         2    ###....
 Shroud of Golubria       Chrm/Tloc      #.........   26%         2    ###....
 Regeneration             Chrm/Necr      #.........   47%         3    ####...
 Spectral Weapon          Hex/Chrm       #.......     47%         3    ####...


Dungeon Overview and Level Annotations

Branches:
Dungeon (2/15)

Altars:
Okawaru

Annotations:
D:2 Natasha


Innate Abilities, Weirdness & Mutations

A weak demonic guardian rushes to your aid.


Message History

You are too injured to fight recklessly!
You are too injured to fight recklessly!
You are too injured to fight recklessly!
You are too injured to fight recklessly!
You are too injured to fight recklessly!
You are too injured to fight recklessly!
You are too injured to fight recklessly!
You are too injured to fight recklessly!
You are too injured to fight recklessly!
You are too injured to fight recklessly!
You are too injured to fight recklessly!
Unknown command.
You strike the helpless Natasha from behind!
You hit Natasha.
Natasha is severely wounded.
Natasha claws you.
* * * LOW HITPOINT WARNING * * *
Your quasit barely misses Natasha. x2; Your quasit closely misses Natasha.
Natasha claws you!
You die...

..# #......#
..#####......+ +.....+
.....##......# #.....#
.....##......# #.....#
.....##......# #.....#
...####......# #.....#
...#........## #.....#
.......%....####5....###
............'...@h.....+
.......%....############
......#####.# ......##
#.# .......## #.#
........# #.# ......#.#
#.# ...####.# #. ...###
.#


You could see Natasha and a friendly quasit.

Vanquished Creatures
  A worm (D:2)
  A leopard gecko (D:1)
  6 bats
  5 goblins
  A hobgoblin (D:1)
  2 frilled lizards (D:1)
  2 kobolds
  3 rats
21 creatures vanquished.

Notes
Turn   | Place    | Note
-------+----------+-------------------------------------------
     0 | D:1      | Redear the Demonspawn Skald began the quest for the Orb.
     0 | D:1      | Reached XP level 1. HP: 16/16 MP: 3/3
   116 | D:1      | Reached skill level 2 in Long Blades
   116 | D:1      | Reached skill level 2 in Dodging
   139 | D:1      | Gained mutation: A weak demonic guardian rushes to your
                  | aid. [demonic ancestry]
   139 | D:1      | Reached XP level 2. HP: 19/22 MP: 5/5
   706 | D:2      | Found an iron altar of Okawaru.
   721 | D:2      | Became a worshipper of Warmaster Okawaru
   742 | D:2      | Noticed Natasha
   748 | D:2      | Slain by Natasha

Levels and vault maps discovered:
D:1:      mrwooster_arrival_statue_3, layout_rooms, kennysheep_decorative_pillar
D:2:      layout_basic, okawaru_metal_pillars_3,
          chequers_ecumenical_altar_simple_redux,
          chequers_serial_rivers_micro_e, uniq_natasha

Skill      XL: |  1 |
---------------+----+-----
Long Blades    | 2 |  2.2
Dodging        | 2 |  2.2
Fighting       | |  2.5
Armour         | |  0.8
Spellcasting   | |  2.0
Charms         | |  2.6
Invocations    | |  0.5

Action                   || total
-------------------------++-------
Melee: Falchion          ||    55
 Cast: Infusion          ||     1
 Stab: Distracted        ||     1
Armor: Leather armour    ||    19
Dodge: Dodged            ||    42
       Rpst.: Falchion   ||    16

Table legend:
 A = Non-vault XP
 B = Vault XP
 C = Vault XP percentage of total XP
 D = Non-vault monster count
 E = Vault monster count
 F = Vault count percentage of total count
                 A         B        C        D         E       F
            +---------+---------+-------+---------+---------+-------
      Total |      37 |       0 |   0.0 |      21 |       0 |   0.0
            +---------+---------+-------+---------+---------+-------
        D:1 |      26 |       0 |   0.0 |      16 |       0 |   0.0
        D:2 |      11 |       0 |   0.0 |       5 |       0 |   0.0
            +---------+---------+-------+---------+---------+-------
